 Dungeon Crawl Stone Soup version 0.19.4 (webtiles) character file.

5810 bosm the Covert (level 10, 0/53 HPs)
             Began as a Vine Stalker Assassin on Feb 1, 2017.
             Was a Believer of Uskayaw.
             Slain by an orc warrior
             ... wielding a +0 glaive
              (11 damage)
             ... on level 9 of the Dungeon.
             The game lasted 00:24:36 (7330 turns).

bosm the Covert (Vine Stalker Assassin)             Turns: 7330, Time: 00:24:37

Health: 0/53       AC:  8    Str: 14    XL:     10   Next: 79%
Magic:  0/11       EV: 16    Int: 11    God:    Uskayaw [**....]
Gold:   398        SH:  0    Dex: 19    Spells: 0 memorised, 9 levels left

rFire  + + .     SeeInvis .     w - +2 dagger (elec)
rCold  . . .     Gourm    .     q - +2 leather armour {rF+}
rNeg   . . .     Faith    .     (no shield)
rPois  .         Spirit   +     (no helmet)
rElec  .         Reflect  .     p - +2 cloak
rCorr  .         Harm     .     (no gloves)
MR     +....                    (no boots)
Stlth  ++++++....               (no amulet)
                                n - ring of protection from fire
                                H - ring of stealth

@: very slightly contaminated, invisible
A: fangs 3, regeneration 1, magic shield, antimagic bite, no device heal 3, rot
immunity
a: Stomp, Line Pass, Renounce Religion


You were on level 9 of the Dungeon.
You worshipped Uskayaw.
Uskayaw was noncommittal.
You were not hungry.

You visited 2 branches of the dungeon, and saw 10 of its levels.
You also visited: Sewer.

You collected 398 gold pieces.

Inventory:

Hand Weapons
 a - a +0 blowgun
 w - a +2 dagger of electrocution (weapon)
Missiles
 e - 39 poisoned needles
 x - 7 javelins (quivered)
 A - 2 throwing nets
Armour
 c - a +0 robe
 m - a +0 ring mail
 p - a +2 cloak (worn)
 q - a +2 leather armour of fire resistance (worn)
Jewellery
 n - a ring of protection from fire (right hand)
 s - a +6 ring of intelligence
 y - an uncursed ring of wizardry
 H - a ring of stealth (left hand)
Wands
 f - a wand of acid (10/15)
 C - a wand of disintegration (15/24)
Scrolls
 i - 10 scrolls of identify
 l - 2 scrolls of blinking
 o - 7 scrolls of remove curse
 r - a scroll of amnesia
 u - 4 scrolls of recharging
 z - 3 scrolls of teleportation
 K - a scroll of magic mapping
 L - 2 scrolls of fear
 P - a scroll of fog
 Q - a scroll of enchant armour
Potions
 b - 2 potions of might
 d - 2 potions of brilliance
 h - 7 potions of curing
 B - 2 potions of flight
 D - a potion of beneficial mutation {unknown}
 I - a potion of berserk rage {unknown}
 J - a potion of agility
Books
 M - a book of Debilitation

   Spells                             Type                      Level
   a - Corona                         Hexes                        1
   b - Slow                           Hexes                        2
   c - Gell's Gravitas                Hexes/Translocation          3
   d - Inner Flame                    Hexes/Fire                   3
   e - Cause Fear                     Hexes                        4
   f - Leda's Liquefaction            Hexes/Earth                  4
 N - a book of Maledictions

   Spells                             Type                      Level
   a - Corona                         Hexes                        1
   b - Ensorcelled Hibernation        Hexes/Ice                    2
   c - Confuse                        Hexes                        3
   d - Tukima's Dance                 Hexes                        3
   e - Dazzling Spray                 Conjuration/Hexes            3
 O - a book of Necromancy

   Spells                             Type                      Level
   a - Pain                           Necromancy                   1
   b - Animate Skeleton               Necromancy                   1
   c - Vampiric Draining              Necromancy                   3
   d - Regeneration                   Charms/Necromancy            3
   e - Animate Dead                   Necromancy                   4
   f - Control Undead                 Necromancy                   4
 R - a book of Transfigurations

   Spells                             Type                      Level
   a - Irradiate                      Conjuration/Transmutation    5
   b - Statue Form                    Transmutation/Earth          6
   c - Hydra Form                     Transmutation                6
   d - Dragon Form                    Transmutation                7
Comestibles
 g - 9 bread rations
 j - 4 meat rations
 t - a royal jelly
 v - 3 slices of pizza
 E - 7 beef jerkies
 F - 2 chunks of flesh
 G - 3 fruits


   Skills:
 + Level 6.8 Fighting
 * Level 9.3 Short Blades
 - Level 1.7 Throwing
 + Level 5.8 Dodging
 + Level 10.6 Stealth


You had 9 spell levels left.
You didn't know any spells.

Dungeon Overview and Level Annotations

Branches:
Dungeon (9/15)             Temple (1/1) D:6
   Lair: D:8-11         Orc: D:9-12

Altars:
Ashenzari
Cheibriados
Dithmenos
Elyvilon
Fedhas
Gozag
Hepliaklqana
Kikubaaqudgha
Makhleb
Nemelex Xobeh
Okawaru
Qazlal
Ru
Sif Muna
Trog
Uskayaw
Vehumet
Xom
Yredelemnul
Zin


Innate Abilities, Weirdness & Mutations

You have razor-sharp teeth.
Your natural rate of healing is unusually fast.
When hurt, damage is shared between your health and your magic reserves.
Your bite disrupts and absorbs the magic of your enemies.
Potions and wands cannot restore your health.
You are immune to rotting.


Message History

The orc wizard closely misses you.
You can now pass through a line of other dancers.
You hit the orc warrior but do no damage.
The orc warrior is almost dead.
You barely miss the orc warrior. Your bite misses the orc warrior.
The orc warrior is almost dead.
The orc warrior hits you with a glaive!!
* * * LOW HITPOINT WARNING * * *
The orc wizard hits you with a dagger.
* * * LOW HITPOINT WARNING * * *
You are too injured to fight recklessly!
You fade into invisibility!
The orc wizard casts a spell at you. The magic dart hits you!
* * * LOW HITPOINT WARNING * * *
You are very lightly contaminated with residual magic.
You closely miss the orc warrior.
The orc warrior is almost dead.
The orc warrior hits you with a glaive!
You die...

.......###.......######+
.......# #..............
.......# #...#.#..#...#.
.......# #..............
.......####..#.#.#......
.......##...............
.......##.......O#......
.......##.##'#.#oo......
..........!....#@##.##..
...............#.# .# .
...................# #
[..............#.#.#
.................#.#
................## #
......†..........
.................
.................


You could see an orc warrior, an ogre and an orc wizard.

Vanquished Creatures
  The ghost of Thomus the Cleaver, a novice MiGl of Okawaru (D:8)
  Pikel (D:7)
  A two-headed ogre (D:8)
  4 yaks
  A water moccasin (D:9)
  3 orc warriors
  A slave (D:7)
  2 ice beasts
  3 sky beasts
  A black bear (D:8)
  A centaur (D:6)
  4 ogres
  5 big kobolds (Sewer)
  4 bullfrogs
  A wyvern skeleton (D:6)
  2 scorpions
  3 wights (D:6)
  6 howler monkeys
  2 bullfrog zombies (D:5)
  8 crimson imps
  2 bullfrog skeletons (D:9)
  2 jellies
  A hound (D:6)
  11 orc wizards
  A centaur skeleton (D:4)
  4 orc priests
  A gnoll shaman (D:3)
  Crazy Yiuf (D:4)
  4 iguanas
  2 worker ants
  A hound zombie (D:9)
  16 gnolls
  10 adders
  An ooze (D:7)
  4 worms
  2 dart slugs (D:2)
  8 leopard geckos
  44 orcs
  10 giant cockroaches
  13 goblins
  8 hobgoblins
  4 jackals (D:5)
  11 kobolds
  4 quokkas
  2 ball pythons (Sewer)
  10 bats
  6 frilled lizards
  A leopard gecko skeleton (D:7)
  7 rats
245 creatures vanquished.

Notes
Turn   | Place    | Note
-------+----------+-------------------------------------------
     0 | D:1      | bosm the Vine Stalker Assassin began the quest for the Orb.
     0 | D:1      | Reached XP level 1. HP: 11/11 MP: 2/2
    73 | D:1      | Reached skill level 1 in Dodging
   104 | D:1      | Reached XP level 2. HP: 8/15 MP: 3/3
   445 | D:1      | Reached XP level 3. HP: 18/18 MP: 4/4
   567 | D:1      | You fall through a shaft!
   641 | D:2      | Reached skill level 5 in Stealth
  1030 | D:2      | Gained mutation: Your natural rate of healing is unusually fast. [Vine Stalker growth]
  1030 | D:2      | Reached XP level 4. HP: 17/23 MP: 5/5
  1101 | D:2      | Found an iron altar of Okawaru.
  2252 | D:3      | Reached XP level 5. HP: 26/28 MP: 4/6
  2872 | D:3      | Reached XP level 6. HP: 18/32 MP: 3/7
  2935 | D:3      | Reached skill level 6 in Stealth
  3462 | D:4      | Reached XP level 7. HP: 23/36 MP: 8/8
  3698 | D:4      | Found a runed door.
  3703 | D:4      | Noticed Crazy Yiuf
  3714 | D:4      | Killed Crazy Yiuf
  3787 | D:4      | Reached skill level 5 in Short Blades
  3922 | D:5      | Entered Level 5 of the Dungeon
  3933 | D:5      | Found a burning altar of Makhleb.
  3975 | D:5      | Found a glowing drain.
  4012 | Sewer    | Entered a sewer
  4158 | Sewer    | Reached skill level 7 in Stealth
  4158 | Sewer    | Gained mutation: You have razor-sharp teeth. [Vine Stalker growth]
  4158 | Sewer    | Reached XP level 8. HP: 36/42 MP: 9/9
  4561 | D:5      | Found an ancient bone altar of Kikubaaqudgha.
  4782 | D:6      | Reached skill level 8 in Stealth
  4806 | D:6      | Reached skill level 5 in Fighting
  4869 | D:6      | Reached XP level 9. HP: 30/47 MP: 10/10
  5258 | D:6      | Found a staircase to the Ecumenical Temple.
  5310 | Temple   | Entered the Ecumenical Temple
  5323 | Temple   | Became a worshipper of Uskayaw the Reveler
  5617 | D:7      | Reached * piety under Uskayaw
  5625 | D:7      | Reached ** piety under Uskayaw
  5675 | D:7      | Found a shimmering altar of Xom.
  5676 | D:7      | Noticed Pikel
  5724 | D:7      | Killed Pikel
  5724 | D:7      | Reached skill level 9 in Stealth
  5791 | D:7      | Found a shattered altar of Ashenzari.
  5794 | D:7      | Found a deep blue altar of Sif Muna.
  5797 | D:7      | Found a white marble altar of Elyvilon.
  5800 | D:7      | Found a basalt altar of Yredelemnul.
  5910 | D:7      | Reached *** piety under Uskayaw
  6034 | D:7      | Reached skill level 5 in Dodging
  6034 | D:7      | Reached XP level 10. HP: 19/53 MP: 7/11
  6063 | D:7      | Found a shimmering altar of Xom.
  6063 | D:7      | Found a shimmering altar of Xom.
  6065 | D:7      | Found a shimmering altar of Xom.
  6467 | D:8      | Noticed Thomus's ghost (novice MiGl)
  6500 | D:8      | Killed Thomus's ghost
  6500 | D:8      | Reached skill level 10 in Stealth
  6500 | D:8      | Reached **** piety under Uskayaw
  6944 | D:9      | Reached ***** piety under Uskayaw
  7330 | D:9      | Slain by an orc warrior

Skill      XL: |  1  2  3  4  5  6  7  8  9 10 |
---------------+-------------------------------+-----
Fighting       | 2 3 4 5 6 |  6.8
Dodging        | 1 2 3 5 |  5.8
Short Blades   | 2 3 4 5 6 8 9 |  9.3
Stealth        | 5 6 7 8 9 10 | 10.6
Throwing       | |  1.7

Action                   |  1- 3 |  4- 6 |  7- 9 | 10-12 || total
-------------------------+-------+-------+-------+-------++-------
Melee: Dagger            |    66 |   195 |   411 |   174 ||   846
       Bite              |    22 |    56 |   121 |    58 ||   257
 Fire: Blowgun           |    19 |    45 |    21 |     1 ||    86
Throw: Javelin           |       |       |     2 |       ||     2
Invok: Stomp             |       |       |     1 |       ||     1
  Use: Scroll            |       |     9 |     9 |     1 ||    19
       Potion            |       |     4 |     5 |     2 ||    11
 Stab: Sleeping          |     2 |    15 |    11 |     4 ||    32
       Paralysed         |       |       |     1 |     4 ||     5
       Invisible         |       |       |     1 |       ||     1
       Distracted        |       |       |       |     4 ||     4
  Eat: Chunk             |       |     7 |     9 |     4 ||    20
       Beef jerky        |       |     1 |       |       ||     1
Armor: Ring mail         |    17 |    54 |    79 |       ||   150
       Leather armour    |       |       |    33 |    24 ||    57
Dodge: Dodged            |    29 |    83 |   233 |    65 ||   410
